 Dungeon Crawl Stone Soup version 0.31.0-32-g396128a36d (webtiles) character file.

Game seed: 4095068368819133017

3540 Dvallin the Grappler (level 9, -3/74 HPs)
             Began as a Pale Draconian Shapeshifter on Apr 22, 2024.
             Was an Initiate of Ashenzari.
             Incinerated by a deep elf pyromancer (14 damage)
             ... with a pyre arrow
             ... on level 7 of the Dungeon.
             The game lasted 00:12:59 (5870 turns).

Dvallin the Grappler (Pale Draconian Shapeshifter)  Turns: 5870, Time: 00:13:00

Health: -3/74      AC: 15    Str: 18    XL:     9   Next: 82%
Magic:  0/9        EV: 19    Int: 13    God:    Ashenzari [......]
Gold:   346        SH:  0    Dex: 22    Spells: 8/8 levels left

rFire   . .          .
                       - Unarmed
rCold   . . .        (shield currently unavailable)
rNeg    . . .        (body armour unavailable)
rPois   .            k - +4 hat of Grace {Int+3 Dex+6}
rElec   .            (no cloak)
rCorr   .            (no gloves)
SInv    .            (no boots)
Will    .....        e - amulet of guardian spirit
Stlth   +            f - +4 ring of protection
HPRegen 0.32/turn    y - +4 ring of slaying
MPRegen 0.11/turn

%: guardian spirit
@: on fire, flux-form, glowing
A: glow, contaminating, breathe steam, AC +7, unfitting armour, cold-blooded,
steam resistance, agile 1, subdued magic 1
a: Breathe Steam, Begin Untransformation, Renounce Religion


You were on level 7 of the Dungeon.
You worshipped Ashenzari.
Ashenzari was noncommittal.
You were something dangerously unstable.
You visited 2 branches of the dungeon, and saw 8 of its levels.
You also visited: Sewer.

You collected 346 gold pieces.

Inventory:

Missiles
 p - 2 curare-tipped darts (quivered)
 q - 15 poisoned darts
Armour
 j - a +0 buckler
 k - the +4 hat of Grace (worn) {Int+3 Dex+6}
   (You acquired it on level 3 of the Dungeon)

   Int+3:     It affects your intelligence (+3).
   Dex+6:     It affects your dexterity (+6).
 D - the orb "Atusal" {mayhem, Harm rN+}
   (You found it on level 5 of the Dungeon)

   rN+:       It protects you from negative energy.
   Harm:      It increases damage dealt and taken.
Jewellery
 e - an amulet of guardian spirit (around neck)
 f - a +4 ring of protection (left hand)
 h - a ring of see invisible
 w - an amulet of faith
 y - a +4 ring of slaying (right hand)
 G - a ring of willpower
 K - a ring of magical power
Talismans
 b - a beast talisman
 c - a flux talisman (active)
Wands
 u - a wand of iceblast (18)
 J - a wand of digging (9)
Scrolls
 d - 3 scrolls of fog
 g - 5 scrolls of identify
 o - 2 scrolls of revelation {unknown}
 r - 2 scrolls of immolation {unknown}
 s - 6 scrolls of teleportation {unknown}
 v - 4 scrolls of fear {unknown}
 x - a scroll of noise {unknown}
 z - a scroll of enchant armour {unknown}
 B - a scroll of brand weapon {unknown}
 C - 2 scrolls of poison {unknown}
 E - 4 scrolls of acquirement
 H - a scroll of enchant weapon {unknown}
 I - a scroll of amnesia {unknown}
Potions
 a - a potion of lignification
 i - 2 potions of degeneration
 l - a potion of cancellation {unknown}
 m - 2 potions of mutation
 n - 2 potions of magic {unknown}
 t - a potion of berserk rage {unknown}
 A - 3 potions of curing {unknown}
 F - a potion of resistance {unknown}


   Skills:
 + Level 5.4 Fighting
 + Level 4.8 Dodging
 * Level 9.3 Unarmed Combat
 + Level 8.4 Shapeshifting


You had 8 spell levels left.
You didn't know any spells.
Your spell library contained the following spells:

 Spells                   Type           Power      Damage    Failure   Level
 Foxfire                  Conj/Fire      0%         2x1d4     26%         1
 Freeze                   Ice            0%         1d3       26%         1
 Jinxbite                 Hex            0%         N/A       38%         2
 Frozen Ramparts          Ice            0%         1d1       63%         3
 Hailstorm                Conj/Ice       0%         3d5       63%         3
 Summon Ice Beast         Ice/Summ       0%         N/A       63%         3
 Volatile Blastmotes      Fire/Tloc      0%         2d10      63%         3
 Fulminant Prism          Conj/Alch      0%         3d5       96%         4
 Iskenderun's Mystic Bla  Conj/Tloc      0%         2d3       96%         4
 Leda's Liquefaction      Alch/Erth      0%         N/A       96%         4
 Lee's Rapid Deconstruct  Erth           0%         3d4*      100%        5
 Yara's Violent Unravell  Hex/Alch       0%         3d3       100%        5
 Bombard                  Conj/Erth      0%         9d1       100%        6
 Plasma Beam              Fire/Air       0%         2x1d10    100%        6
 Sculpt Simulacrum        Ice/Alch       0%         N/A       100%        6
 Starburst                Conj/Fire      0%         6d3       100%        6
 Enfeeble                 Hex            0%         N/A       100%        7


Dungeon Overview and Level Annotations

Branches:
Dungeon (7/15)             Temple (1/1) D:7           Sewer (visited)

Altars:
Ashenzari
Cheibriados
Dithmenos
Elyvilon
Fedhas
Gozag
Hepliaklqana
Kikubaaqudgha
Nemelex Xobeh
Qazlal
Ru
Trog
Uskayaw
Vehumet
Wu Jian
Yredelemnul
Zin
The Shining One

Shops:
D:5 :   D:6 =


Innate Abilities, Weirdness & Mutations

You are something dangerously unstable.
You glow with magical radiation, making you easy to see and hit.
Foes you strike become dangerously contaminated with magical radiation.
You are incapable of wielding weapons or throwing items.
You can breathe blasts of scalding, opaque steam.
Your pale cyan-grey scales are hard. (AC +7)
You cannot fit into any form of body armour.
You are cold-blooded and may be slowed by cold attacks.
You are immune to the effects of steam.
You are agile. (Dex +4, Str/Int -1)
Your spells are a little easier to cast, but a little less powerful.


Message History

The deep elf pyromancer is moderately wounded.
The deep elf pyromancer casts a spell at you.
The pyre arrow hits you.
You are covered in intense liquid fire!
The fire elemental hits you. The fire elemental burns you!
You hit the deep elf pyromancer.
The deep elf pyromancer glows dangerously bright.
The deep elf pyromancer is moderately wounded.
The liquid fire burns you!
The deep elf pyromancer hits you but does no damage.
You feel drained. The fire elemental hits you. The fire elemental burns you!
You hit the deep elf pyromancer.
The deep elf pyromancer shudders as magic cascades through it!!
You kill the deep elf pyromancer!
The fire elemental disappears in a puff of smoke! x2
The liquid fire burns you!
Your life force feels restored.
You hit the troll.
The troll begins to glow.
The troll is lightly wounded.
The liquid fire burns you! The troll bites you but does no damage.
The troll claws you but does no damage. The troll completely misses you.
You are too injured to fight recklessly!
You are too injured to fight recklessly!
You are too injured to fight recklessly!
You are too injured to fight recklessly!
You completely miss the troll. You tail-slap the troll.
The troll is lightly wounded.
The liquid fire burns you!
* * * LOW HITPOINT WARNING * * *
The troll bites you!
* * * LOW HITPOINT WARNING * * *
The troll claws you.
* * * LOW HITPOINT WARNING * * *
The troll claws you but does no damage.
Okay, then.
It was a potion of mutation.
You feel extremely strange.
Your connection to magic feels subdued.
You feel agile. The liquid fire burns you!
You die...

# #. #### .# ##
#..# .#° ...#
#T# ...###
####p## #....##
#....§#
#.....###
##.#####
........## #..#
.........# #.##
>.......####.#
..####.####..##
.## ### #....#
..# ###...##


You could see a troll (contam).

Vanquished Creatures
  A deep elf pyromancer (D:7)
  Prince Ribbit (D:7)
  A wyvern (D:7)
  A vampire mosquito (D:7)
  Edmund (D:5)
  An orc warrior (D:7)
  3 ice beasts
  2 ogres (D:6)
  A centaur (D:7)
  3 kobold brigands
  A phantom (D:5)
  3 bullfrogs
  4 scorpions
  5 wights (D:6)
  A howler monkey (D:5)
  2 bombardier beetles
  3 hounds
  A jelly (D:6)
  3 orc priests
  3 sleepcaps
  An iguana (D:6)
  6 orc wizards
  4 gnolls (D:6)
  8 adders
  8 river rats
  6 ufetubi (D:6)
  5 dart slugs
  3 ribbon worms
  28 orcs
  12 ball pythons
  9 bats
  4 endoplasms
  A giant cockroach (D:1)
  7 goblins
  7 hobgoblins
  6 quokkas
  5 frilled lizards
  21 kobolds
  31 rats
213 creatures vanquished.

Vanquished Creatures (others)
  An orc (D:4)
  A goblin (D:4)
2 creatures vanquished.

Grand Total: 215 creatures vanquished

Notes
Turn   | Place    | Note
-------+----------+-------------------------------------------
     0 | D:1      | Dvallin the Draconian Shapeshifter began the quest for the
                  | Orb.
     0 | D:1      | Reached XP level 1. HP: 16/16 MP: 1/1
   223 | D:1      | You fall into a shaft and drop 1 floor!
   232 | D:2      | Reached XP level 2. HP: 15/23 MP: 2/2
   509 | D:1      | Reached XP level 3. HP: 19/28 MP: 1/3
  1195 | D:2      | Found a faded altar of an unknown god.
  1299 | D:3      | Identified a scroll of acquirement
  1299 | D:3      | Acquired the +4 hat of Grace {Int+3 Dex+6}
  1313 | D:3      | Noticed a bullfrog
  1331 | D:2      | Killed a bullfrog
  1332 | D:2      | Reached skill level 5 in Shapeshifting
  1332 | D:2      | Reached XP level 4. HP: 29/35 MP: 2/4
  1390 | D:3      | Reached XP level 5. HP: 33/40 MP: 5/5
  1416 | D:3      | Found a glowing drain.
  1431 | Sewer    | Entered a sewer
  1773 | Sewer    | Reached XP level 6. HP: 43/47 MP: 6/6
  3020 | D:4      | Noticed an ice beast
  3026 | D:4      | Killed an ice beast
  3027 | D:4      | Reached skill level 4 in Unarmed Combat
  3027 | D:4      | Your scales start taking on a pale cyan-grey colour.
  3027 | D:4      | Reached XP level 7. HP: 45/52 MP: 7/7
  3027 | D:4      | Gained mutation: You are immune to the effects of steam.
                  | [Pale Draconian growth]
  3286 | D:4      | Reached skill level 5 in Unarmed Combat
  3364 | D:4      | Found a radiant altar of Vehumet.
  3617 | D:5      | Entered Level 5 of the Dungeon
  3659 | D:5      | Noticed Edmund
  3672 | D:5      | Killed Edmund
  3673 | D:5      | Reached skill level 6 in Unarmed Combat
  3802 | D:5      | Found Huatudid's Book Shop.
  3898 | D:5      | Reached XP level 8. HP: 61/61 MP: 8/8
  4120 | D:5      | Identified the orb "Atusal" {mayhem, Harm rN+}
  4411 | D:6      | Reached skill level 7 in Unarmed Combat
  4543 | D:6      | Found Xiasoq's Jewellery Shop.
  4560 | D:6      | Found a snail-covered altar of Cheibriados.
  4992 | D:6      | Reached XP level 9. HP: 71/71 MP: 9/9
  5134 | D:6      | Reached skill level 8 in Unarmed Combat
  5611 | D:7      | Noticed Prince Ribbit
  5632 | D:7      | Killed Prince Ribbit
  5732 | D:7      | Found a staircase to the Ecumenical Temple.
  5750 | Temple   | Entered the Ecumenical Temple
  5779 | Temple   | Became a worshipper of Ashenzari the Shackled
  5835 | D:7      | Found a basalt altar of Yredelemnul.
  5860 | D:7      | Noticed a deep elf pyromancer
  5864 | D:7      | Reached skill level 5 in Fighting
  5864 | D:7      | Reached skill level 9 in Unarmed Combat
  5864 | D:7      | Noticed a troll
  5867 | D:7      | Killed a deep elf pyromancer
  5870 | D:7      | Gained mutation: Your spells are a little easier to cast,
                  | but a little less powerful. [potion of mutation]
  5870 | D:7      | Gained mutation: You are agile. (Dex +4, Str/Int -1)
                  | [potion of mutation]
  5870 | D:7      | Incinerated by a deep elf pyromancer

Illustrated notes

Levels and vault maps discovered:
D:1:      dpeg_arrival_snail, layout_loops_ring
D:2:      layout_rooms, shapermc_ecumenical_altar_acropolis
D:3:      layout_loops_cross, portal_sewer_entry_e
D:4:      layout_loops_ring, fiery_altar_vehumet
D:5:      layout_gridville, serial_shops, nicolae_shop_tiny_glass,
          minmay_misc_feat_chi, minmay_quadrilaterals, uniq_edmund
D:6:      layout_cave_pools, slow_altar_1, serial_shops, shop,
          lightli_orcish_oven
D:7:      minmay_cornered_nines, layout_cave_pools, grunt_temple_overflow_open,
          minmay_temple_entry_offerings, uniq_prince_ribbit1
Temple:   nicolae_temple_superstar

Skill      XL: |  1  2  3  4  5  6  7  8  9 |
---------------+----------------------------+-----
Shapeshifting  | 4 5 6 7 8 |  8.4
Unarmed Combat | 4 6 7 9 |  9.3
Dodging        | 2 3 4 |  4.8
Fighting       | 3 5 |  5.4

Action                     |  1- 3 |  4- 6 |  7- 9 || total
---------------------------+-------+-------+-------++-------
  Melee: Unarmed           |   167 |   263 |   313 ||   743
         Tailslap          |    25 |    40 |    47 ||   112
Ability: Breathe Steam     |       |       |     2 ||     2
    Use: Scroll            |     3 |       |       ||     3
         Potion            |       |       |     1 ||     1
 Armour: Skin              |    95 |   129 |   154 ||   378
  Dodge: Dodged            |   185 |   270 |   291 ||   746
   Form: Flux              |     1 |       |       ||     1
